 Dungeon Crawl Stone Soup version 0.18-a0-1300-g6e8322c (webtiles) character file.

19093 RedPan the Unseen (level 12, -11/86 HPs)
             Began as a Vampire Enchanter on Feb 12, 2016.
             Was an Elder of Kikubaaqudgha.
             Mangled by a manticore (12 damage)
             ... on level 11 of the Dungeon.
             The game lasted 00:44:38 (15212 turns).

RedPan the Unseen (Vampire Enchanter)              Turns: 15212, Time: 00:44:38

Health: -11/86     AC:  7    Str:  6    XL:     12   Next: 33%
Magic:  19/21      EV: 19    Int: 22    God:    Kikubaaqudgha [****..]
Gold:   550        SH:  0    Dex: 17    Spells: 5 memorised, 8 levels left

rFire  + . .     SeeInvis +     a - +2 dagger (freeze)
rCold  + . .     Gourm    .     b - +2 robe
rNeg   + + .     Faith    .     (no shield)
rPois  +         Spirit   .     (no helmet)
rElec  .         Dismiss  .     E - +0 cloak
rCorr  .         Reflect  .     r - +0 pair of gloves
SustAt +         Harm     .     (no boots)
MR     +....                    (no amulet)
Stlth  +++++++...               H - ring of the Octopus King {SustAt AC+1 EV+1 Str+1 Int+1 Dex+1}
                                p - ring of protection from fire

@: manticore barbs, regenerating slowly, somewhat resistant to hostile
enchantments, extremely stealthy
A: fangs 3, see invisible, weak 1, unbreathing, MP-powered wands
a: Bat Form, Receive Corpses, Renounce Religion


You were on level 11 of the Dungeon.
You worshipped Kikubaaqudgha.
Kikubaaqudgha was greatly pleased with you.
You were thirsty.

You visited 2 branches of the dungeon, and saw 12 of its levels.

You collected 733 gold pieces.
You spent 183 gold pieces at shops.

Inventory:

Hand Weapons
 a - a +2 dagger of freezing (weapon)
Armour
 b - a +2 robe (worn)
 r - a +0 pair of gloves (worn)
 B - a steam dragon hide
 E - a +0 cloak (worn)
Magical Staves
 A - an uncursed staff of cold
Jewellery
 p - a ring of protection from fire (left hand)
 v - an uncursed ring of fire
 H - a ring of the Octopus King (right hand) {SustAt AC+1 EV+1 Str+1 Int+1 Dex+1}
   (You found it on level 10 of the Dungeon)

   [ring of sustain attributes]

   It sustains your strength, intelligence and dexterity.
   It affects your AC (+1).
   It affects your evasion (+1).
   It affects your strength (+1).
   It affects your intelligence (+1).
   It affects your dexterity (+1).
Wands
 l - a wand of confusion (18/48)
 n - a wand of slowing (17/48)
 C - a wand of flame (15/48)
 G - a wand of flame (34/48)
 I - a wand of acid (6/15)
Scrolls
 h - 11 scrolls of identify
 j - 4 scrolls of magic mapping
 k - 4 scrolls of fog
 m - 8 scrolls of remove curse
 o - 3 scrolls of amnesia
 u - 2 scrolls of enchant weapon
 w - 2 scrolls of recharging
 y - a scroll of enchant armour
Potions
 d - 18 potions of blood
 e - 2 potions of might
 f - 3 potions of heal wounds
 g - 2 potions of mutation
 i - 2 potions of agility
 q - a potion of cancellation
 s - 3 potions of curing
 z - 3 potions of invisibility
 K - 2 potions of brilliance
Books
 c - a book of Maledictions

   Spells                             Type                      Level
   a - Corona                         Hexes                        1
   b - Ensorcelled Hibernation        Hexes/Ice                    2
   c - Confuse                        Hexes                        3
   d - Tukima's Dance                 Hexes                        3
   e - Dazzling Spray                 Conjuration/Hexes            3
 t - Xicagie's Volume of Lightness and the Entourage
   (You found it on level 6 of the Dungeon)

   Spells                             Type                      Level
   a - Swiftness                      Charms/Air                   2
   b - Summon Lightning Spire         Summoning/Air                4
   c - Summon Forest                  Summoning/Translocation      5
   d - Tornado                        Air                          9
 x - Kikubaaqudgha's Compendium of Unholy Rituals
   (Kikubaaqudgha gifted it to you on level 6 of the Dungeon)

   Spells                             Type                      Level
   a - Pain                           Necromancy                   1
   b - Corpse Rot                     Necromancy                   2
   c - Sublimation of Blood           Necromancy                   2
   d - Vampiric Draining              Necromancy                   3
   e - Control Undead                 Necromancy                   4
 D - Kikubaaqudgha's Collected Works on Darkness
   (Kikubaaqudgha gifted it to you on level 9 of the Dungeon)

   Spells                             Type                      Level
   a - Animate Dead                   Necromancy                   4
   b - Agony                          Necromancy                   5
   c - Cigotuvi's Embrace             Necromancy                   5
   d - Dispel Undead                  Necromancy                   5
   e - Death Channel                  Necromancy                   6
 J - a book of Beasts

   Spells                             Type                      Level
   a - Summon Butterflies             Summoning                    1
   b - Call Canine Familiar           Summoning                    3
   c - Summon Ice Beast               Ice/Summoning                4
   d - Summon Mana Viper              Hexes/Summoning              5
   e - Summon Hydra                   Summoning                    7


   Skills:
 - Level 5.0 Fighting
 - Level 10.0 Short Blades
 - Level 8.0 Dodging
 + Level 15.6 Stealth
 - Level 6.0 Spellcasting
 - Level 8.0 Hexes
 - Level 10.0 Necromancy


You had 8 spell levels left.
You knew the following spells:

 Your Spells              Type           Power        Failure   Level  Hunger
a - Corona                Hex            #####..      1%          1    None
b - Ensorcelled Hibernat  Hex/Ice        ###...       2%          2    None
c - Confuse               Hex            #####...     1%          3    #......
d - Animate Dead          Necr           N/A          1%          4    ###....
e - Dispel Undead         Necr           ######..     4%          5    #####..


Dungeon Overview and Level Annotations

Branches:
Dungeon (11/15)            Temple (1/1) D:5            Lair (0/8) D:11
    Orc: D:9-12

Altars:
Ashenzari
Cheibriados
Dithmenos
Elyvilon
Fedhas
Gozag
Kikubaaqudgha
Makhleb
Nemelex Xobeh
Okawaru
Pakellas
Qazlal
Ru
Sif Muna
Trog
Vehumet
Xom
Yredelemnul
Zin
The Shining One

Shops:
D:4 *   D:7 ?   D:11 [


Innate Abilities, Weirdness & Mutations

You heal slowly.
You have razor-sharp teeth.
You have supernaturally acute eyesight.
You can survive without breathing.
You are weak. (Str -2)
You expend magic power (3 MP) to strengthen your wands.


Message History

The barbed spikes dig painfully into your body as you move.
The manticore flicks its tail.
The volley of spikes hits you!
The barbed spikes become lodged in your body.
The barbed spikes dig painfully into your body as you move.
* * * LOW HITPOINT WARNING * * *
The manticore bites you!
* * * LOW HITPOINT WARNING * * *
The manticore claws you but does no damage.
The manticore misses you.
Casting: Ensorcelled Hibernation
Confirm with . or Enter, or press ? or * to list all spells.
Aiming: Ensorcelled Hibernation
Press: ? - help, Shift-Dir - straight line, f - manticore
Aim: a manticore (chance to defeat MR: 36%)
The manticore easily resists.
The manticore bites you!
* * * LOW HITPOINT WARNING * * *
The manticore claws you!
You die...
Kikubaaqudgha rasps: "You have failed me!
Welcome... oblivion!"

..###..######....#..#
..###.## #.......
..#...#######.#...######
..#.####.....(#.........
###.##...##...(.)....#
###.#..####..........#
#.....## #..........#
....### #..........#
#.### ####.#@)####
..########
##.#.H##########
.........#
#..#...........#
.........#
#.##...........# ##
.........#
#.##.#.........#####.
.........#
#.##.#...............
..!......#
#.##............#####
.........#
##..............##
.....>...#
#.[...#......)..#


You could see a manticore.

Vanquished Creatures
  A hydra (D:11)
  A hill giant (D:10)
  The ghost of ZeroCool the Skirmisher, a novice TrMo of Pakellas (D:5)
  A cyclops (D:10)
  An ugly thing (D:11)
  An elephant (D:11)
  A gargoyle (D:9)
  A troll (D:11)
  A two-headed ogre (D:9)
  A wraith (D:11)
  A shadow (D:11)
  15 yaks
  A hippogriff (D:11)
  A hungry ghost (D:4)
  A steam dragon (D:8)
  A soldier ant (D:10)
  3 water moccasins
  An eye of draining (D:9)
  A wasp (D:11)
  2 sky beasts
  An orc warrior (D:6)
  6 ice beasts
  2 black bears
  2 phantoms
  9 centaurs
  13 ogres
  A crocodile (D:11)
  8 big kobolds
  6 giant frogs
  A wyvern zombie (D:10)
  4 scorpions
  2 wights (D:7)
  9 killer bees
  9 crimson imps
  A giant frog zombie (D:11)
  2 hounds
  A jelly (D:6)
  An orc priest (D:5)
  7 orc wizards
  A centaur skeleton (D:8)
  Jessica (D:2)
  2 giant frog skeletons
  5 iguanas
  A killer bee zombie (D:3)
  9 worker ants
  A sheep (D:11)
  A worker ant zombie (D:9)
  4 gnolls
  12 adders
  A shadow imp (D:6)
  3 oozes
  2 adder zombies
  2 adder skeletons
  3 worms
  9 giant geckos
  32 orcs
  8 bats
  3 giant cockroaches
  10 goblins
  6 hobgoblins
  3 jackals (D:2)
  24 kobolds
  3 quokkas
  2 ball pythons
  A giant gecko zombie (D:7)
  3 giant newts
  A jackal skeleton (D:4)
  A quokka skeleton (D:6)
  A quokka zombie (D:9)
  10 rats
287 creatures vanquished.

Vanquished Creatures (collateral kills)
  A crimson imp (D:10)
  2 orcs (D:10)
3 creatures vanquished.

Grand Total: 290 creatures vanquished

Notes
Turn   | Place    | Note
--------------------------------------------------------------
     0 | D:1      | RedPan the Vampire Enchanter began the quest for the Orb.
     0 | D:1      | Reached XP level 1. HP: 13/13 MP: 3/3
    74 | D:1      | Reached XP level 2. HP: 7/19 MP: 5/5
   109 | D:1      | Learned a level 2 spell: Ensorcelled Hibernation
   259 | D:1      | Reached skill level 5 in Hexes
   851 | D:2      | Found a sacrificial altar of Ru.
   907 | D:2      | Reached XP level 3. HP: 22/24 MP: 7/7
  1260 | D:2      | Learned a level 3 spell: Confuse
  1875 | D:2      | Reached skill level 6 in Hexes
  1875 | D:2      | Reached XP level 4. HP: 22/30 MP: 0/8
  1970 | D:2      | Noticed Jessica
  1978 | D:2      | Killed Jessica
  1978 | D:2      | Reached skill level 5 in Stealth
  2646 | D:3      | Reached XP level 5. HP: 35/35 MP: 0/9
  3411 | D:3      | Reached skill level 7 in Stealth
  3539 | D:3      | Gained mutation: You expend magic power (3 MP) to strengthen your wands. [potion of mutation]
  3539 | D:3      | Gained mutation: You are weak. (Str -2) [potion of mutation]
  3569 | D:4      | Found Syptuv's Assorted Antiques.
  3584 | D:4      | Bought a scroll labeled PIOV TIVABLAJ for 27 gold pieces
  3584 | D:4      | Bought 2 sedimented inky potions for 48 gold pieces
  3584 | D:4      | Bought a wooden wand for 108 gold pieces
  3997 | D:4      | Reached skill level 8 in Stealth
  4359 | D:4      | Noticed a phantom
  4371 | D:4      | Killed a phantom
  4371 | D:4      | Reached skill level 9 in Stealth
  4371 | D:4      | Reached XP level 6. HP: 41/41 MP: 6/10
  5090 | D:4      | Noticed a hungry ghost
  5104 | D:4      | Killed a hungry ghost
  5104 | D:4      | Reached XP level 7. HP: 40/46 MP: 1/11
  5360 | D:5      | Entered Level 5 of the Dungeon
  5385 | D:5      | Reached skill level 5 in Short Blades
  5407 | D:5      | Noticed ZeroCool's ghost (novice TrMo)
  5408 | D:5      | Found a staircase to the Ecumenical Temple.
  5933 | Temple   | Entered the Ecumenical Temple
  6026 | Temple   | Became a worshipper of Kikubaaqudgha
  6748 | D:5      | Found a burning altar of Makhleb.
  6748 | D:5      | Found a glowing golden altar of the Shining One.
  6749 | D:5      | Found a deep blue altar of Sif Muna.
  7024 | D:5      | Reached XP level 8. HP: 49/52 MP: 8/12
  7134 | D:5      | Killed ZeroCool's ghost
  7686 | D:6      | Reached skill level 10 in Short Blades
  7706 | D:6      | Identified Xicagie's Volume of Lightness and the Entourage
  7770 | D:6      | Found an iron altar of Okawaru.
  7820 | D:6      | Reached skill level 1 in Fighting
  8020 | D:6      | Reached * piety under Kikubaaqudgha
  8020 | D:6      | Received a gift from Kikubaaqudgha
  8020 | D:6      | Reached XP level 9. HP: 51/61 MP: 4/13
  8021 | D:6      | Identified Kikubaaqudgha's Compendium of Unholy Rituals (Kikubaaqudgha gifted it to you on level 6 of the Dungeon)
  8842 | D:6      | Reached skill level 5 in Dodging
  8892 | D:6      | Found a snail-covered altar of Cheibriados.
  9817 | D:7      | Found Ocliapsa's Magic Scroll Boutique.
 10208 | D:7      | Reached skill level 5 in Fighting
 10793 | D:8      | Reached XP level 10. HP: 74/74 MP: 1/14
 10835 | D:8      | Reached ** piety under Kikubaaqudgha
 11019 | D:8      | Found a glowing silver altar of Zin.
 11023 | D:8      | Found a blossoming altar of Fedhas.
 11234 | D:8      | Reached skill level 10 in Stealth
 11620 | D:8      | Found a stormy altar of Qazlal.
 11842 | D:8      | Reached skill level 11 in Stealth
 11946 | D:9      | Reached *** piety under Kikubaaqudgha
 11946 | D:9      | Received a gift from Kikubaaqudgha
 11953 | D:9      | Reached skill level 12 in Stealth
 11981 | D:9      | Identified Kikubaaqudgha's Collected Works on Darkness (Kikubaaqudgha gifted it to you on level 9 of the Dungeon)
 12108 | D:9      | Reached skill level 1 in Necromancy
 12254 | D:9      | Found a sacrificial altar of Ru.
 12528 | D:9      | Reached skill level 10 in Necromancy
 12528 | D:9      | Reached XP level 11. HP: 77/79 MP: 12/15
 12534 | D:9      | Learned a level 4 spell: Animate Dead
 12540 | D:9      | Learned a level 5 spell: Dispel Undead
 13216 | D:10     | Entered Level 10 of the Dungeon
 13216 | D:10     | Noticed a hill giant
 13220 | D:10     | Killed a hill giant
 13220 | D:10     | Reached skill level 13 in Stealth
 13435 | D:10     | Got a ring of the Octopus King
 13437 | D:10     | Identified a ring of the Octopus King {SustAt AC+1 EV+1 Str+1 Int+1 Dex+1} (You found it on level 10 of the Dungeon)
 13748 | D:10     | Found an iron altar of Okawaru.
 13985 | D:10     | Reached skill level 14 in Stealth
 13987 | D:10     | Reached XP level 12. HP: 86/86 MP: 12/19
 13991 | D:10     | Reached skill level 5 in Spellcasting
 14484 | D:11     | Noticed a four-headed hydra
 14495 | D:11     | Killed a four-headed hydra
 14645 | D:11     | Found Ydwy's Armour Shoppe.
 14747 | D:11     | Reached **** piety under Kikubaaqudgha
 14772 | D:11     | Found a staircase to the Lair.
 14841 | D:11     | Reached skill level 15 in Stealth
 15212 | D:11     | HP: 1/86 [manticore (14)]
 15212 | D:11     | Mangled by a manticore

Vault maps used:
D:1:      saegor_arrival_simple_e, serial_forest, infiniplex_forest_clump_small,
          infiniplex_forest_clump_tiny, infiniplex_forest_lined_1,
          infiniplex_forest_end_2, infiniplex_forest_lined_3_way,
          infiniplex_forest_corner_1, infiniplex_forest_clump_diagonal
D:2:      nicolae_ru_awakened_eye, first_bread, uniq_jessica
D:3:      serial_glass, glass_columns_c, glass_columns_c, due_unseen_surprise,
          minmay_strange_pillars
D:4:      serial_shops, nicolae_shop_waterfront, minmay_misc_feat_tower
D:5:      gammafunk_temple_overflow_claw, minmay_temple_entry_purple_smoke
D:6:      kennysheep_little_box, minmay_misc_feat_cross, okawaru_trees_2
D:7:      serial_shops, nicolae_shop_stone, grunt_ogre_cave
D:8:      grunt_temple_overflow_open, nicolae_qazlal_general_emergency,
          special_room
D:9:      basic_altar
D:10:     basic_altar, minmay_item_behind_shaft
D:11:     david_lair_generic, serial_shops, shop
Temple:   circular_temple_12

Action                   |  1- 3 |  4- 6 |  7- 9 | 10-12 || total
-------------------------+-------+-------+-------+-------++-------
Melee: Dagger            |   146 |   158 |   251 |   491 ||  1046
 Cast: Ensorcelled Hiber |     8 |    31 |    54 |    87 ||   180
       Confuse           |       |     5 |    24 |    10 ||    39
       Animate Dead      |       |       |       |     8 ||     8
Invok: Receive Corpses   |       |       |       |     2 ||     2
 Abil: End Transformatio |       |       |       |     2 ||     2
       Bat Form          |       |       |       |     2 ||     2
  Use: Scroll            |     3 |     5 |     4 |     2 ||    14
       Potion            |     1 |    11 |    11 |     5 ||    28
 Stab: Sleeping          |    12 |    28 |    48 |    66 ||   154
       Distracted        |     1 |     1 |     2 |     5 ||     9
       Confused          |       |     4 |    13 |     5 ||    22
